 Dungeon Crawl Stone Soup version 0.20-a0-854-g0cc194a (webtiles) character file.

6271 nikopol the Spear-Bearer (level 10, 0/91 HPs)
             Began as a Minotaur Berserker on Mar 11, 2017.
             Was a High Priest of Trog.
             Succumbed to a hornet's poison
             ... on level 10 of the Dungeon.
             The game lasted 00:15:11 (8779 turns).

nikopol the Spear-Bearer (Minotaur Berserker)       Turns: 8779, Time: 00:15:11

Health: 0/91       AC: 16    Str: 23    XL:     10   Next: 63%
Magic:  9/9        EV: 12    Int:  4    God:    Trog [*****.]
Gold:   484        SH:  0    Dex: 12    Spells: 9/9 levels left

rFire    . . .     SeeInvis .   a - +0 trident
rCold    . . .     Gourm    .   h - +0 chain mail
rNeg     . . .     Faith    .   (no shield)
rPois    .         Spirit   .   (helmet restricted)
rElec    .         Reflect  .   (no cloak)
rCorr    .         Harm     .   E - +0 pair of gloves
MR       .....                  O - +2 pair of boots
Stlth    ..........             (no amulet)
Regen    0.3/turn               (no ring)
MPRegen  0.2/turn               (no ring)

@: lethally poisoned (0 -> -7), exhausted, slowed, very slow
A: retaliatory headbutt, horns 2
a: Berserk, Trog's Hand, Brothers in Arms, Burn Spellbooks, Renounce Religion


You were on level 10 of the Dungeon.
You worshipped Trog.
Trog was extremely pleased with you.
You were very hungry.

You visited 1 branch of the dungeon, and saw 10 of its levels.

You collected 484 gold pieces.

Inventory:

Hand Weapons
 a - a +0 trident (weapon)
 z - a +0 shortbow
 I - a +0 spear
Missiles
 k - 201 arrows (quivered)
Armour
 b - a +0 animal skin
 h - a +0 chain mail (worn)
 y - a +3 plate armour
 E - a +0 pair of gloves (worn)
 L - a +3 chain mail
 O - a +2 pair of boots (worn)
Jewellery
 t - an uncursed amulet of guardian spirit {unknown}
 D - an uncursed ring of flight {unknown}
 P - an uncursed ring of fire {unknown}
Wands
 s - a wand of lightning (8/15)
 u - a wand of flame (12/48)
 B - a wand of polymorph (11/24)
 M - a wand of lightning (8/15)
 R - a wand of random effects (14/48)
Scrolls
 d - 7 scrolls of identify {unknown}
 e - 4 scrolls of amnesia {unknown}
 g - a scroll of immolation {unknown}
 j - 2 scrolls of teleportation {unknown}
 m - 5 scrolls of remove curse {unknown}
 n - 2 scrolls of blinking {unknown}
 o - 5 scrolls of recharging {unknown}
 q - 2 scrolls of enchant armour {unknown}
 F - 2 scrolls of magic mapping {unknown}
 G - a scroll of holy word {unknown}
 N - a scroll of torment {unknown}
Potions
 f - 7 potions of curing {unknown}
 l - a potion of degeneration {unknown}
 v - a potion of lignification {unknown}
 x - 3 potions of heal wounds {unknown}
 A - a potion of agility {unknown}
 C - 2 potions of haste
 H - a potion of mutation {unknown}
 J - a potion of berserk rage {unknown}
 K - a potion of flight {unknown}
 Q - a potion of brilliance {unknown}
Books
 w - a book of Necromancy

   Spells                             Type                      Level
   a - Pain                           Necromancy                   1
   b - Animate Skeleton               Necromancy                   1
   c - Vampiric Draining              Necromancy                   3
   d - Regeneration                   Charms/Necromancy            3
   e - Animate Dead                   Necromancy                   4
   f - Control Undead                 Necromancy                   4
   Trog disapproves of the use of such an item.
Comestibles
 c - 10 bread rations
 i - 6 fruits
 p - 3 meat rations
 r - 5 royal jellies


   Skills:
 + Level 9.4 Fighting
 * Level 10.6 Polearms
 * Level 5.6 Bows
 + Level 9.1 Armour
 + Level 8.6 Dodging


You had 9 spell levels left.
You didn't know any spells.

Dungeon Overview and Level Annotations

Branches:
Dungeon (10/15)            Temple (0/1) D:7
   Lair: D:8-11         Orc: D:9-12

Altars:
Gozag
Hepliaklqana
Kikubaaqudgha
Makhleb
Qazlal
Ru
Sif Muna
Vehumet
Xom
Yredelemnul

Shops:
D:8 [


Innate Abilities, Weirdness & Mutations

You reflexively headbutt those who attack you in melee.
You have a pair of horns on your head.


Message History

The hornet stings you but does no damage.
You closely miss the hornet.
The hornet is almost dead.
* * * LOW HITPOINT WARNING * * *
You feel sick.
The hornet stings you but does no damage.
You hit the hornet.
You kill the hornet!
Trog accepts your kill.
* * * LOW HITPOINT WARNING * * *
You feel sick.
* * * LOW HITPOINT WARNING * * *
You feel sick.
You feel a strong urge to attack something.
* * * LOW HITPOINT WARNING * * *
You feel sick.
You are no longer berserk.
You are exhausted.
You feel as though you will be slow longer.
You die...

## #.#### .
########...#### ###
#..
........###...###
##.#####....
.#####.##
####..####
#.#......... .# ###
#.....###....(....#
.#
###@...†....###.#.#
.# #####†#.### .#
###### #####
.#######.##.# #...#
.........##.####
#...#
########.##....#
##...# #.#####)#
#....# #.# #.#
#.#..# #.# #.#
#....#


There were no monsters in sight!

Vanquished Creatures
  2 komodo dragons (D:10)
  A hornet (D:10)
  A hippogriff (D:8)
  A spriggan (D:9)
  3 wyverns
  3 yaks (D:9)
  The ghost of nht the Cleaver, an amateur HOGl (D:4)
  A steam dragon (D:9)
  Edmund (D:5)
  2 orc warriors
  A sky beast (D:5)
  A hornet zombie (D:9)
  3 phantoms
  An ice beast (D:8)
  The ghost of nht the Chopper, an amateur HOGl (D:3)
  3 ogres
  A necrophage (D:9)
  4 centaurs
  A big kobold (D:7)
  A crocodile (D:10)
  4 bullfrogs
  5 killer bees (D:9)
  2 scorpions
  3 wights (D:6)
  5 howler monkeys
  5 crimson imps
  2 bullfrog zombies
  2 hounds
  6 orc priests
  3 bullfrog skeletons
  A gnoll shaman (D:4)
  A centaur skeleton (D:9)
  3 jellies
  3 orc wizards
  Jessica (D:2)
  10 worker ants
  3 hound skeletons
  A howler monkey zombie (D:6)
  Robin (D:2)
  A worker ant zombie (D:8)
  11 adders
  17 gnolls
  A shadow imp (D:6)
  An ooze (D:3)
  2 adder zombies (D:8)
  4 worms
  A dart slug (D:1)
  3 leopard geckos
  31 orcs
  6 giant cockroaches
  2 gnoll zombies (D:2)
  10 goblins
  12 hobgoblins
  14 jackals
  12 kobolds
  2 quokkas
  3 ball pythons
  5 bats
  4 frilled lizards
  A jackal skeleton (D:4)
  A jackal zombie (D:7)
  A quokka skeleton (D:6)
  9 rats
  A withered plant (D:6)
249 creatures vanquished.

Notes
Turn   | Place    | Note
-------+----------+-------------------------------------------
     0 | D:1      | nikopol the Minotaur Berserker began the quest for the Orb.
     0 | D:1      | Reached XP level 1. HP: 19/19 MP: 0/0
    78 | D:1      | Reached XP level 2. HP: 27/27 MP: 1/1
   340 | D:1      | Reached skill level 4 in Polearms
   443 | D:1      | Reached XP level 3. HP: 33/33 MP: 2/2
   657 | D:2      | Reached ** piety under Trog
   713 | D:2      | Noticed Robin
   730 | D:2      | Killed Robin
  1115 | D:2      | Found a basalt altar of Yredelemnul.
  1177 | D:2      | Reached XP level 4. HP: 37/40 MP: 3/3
  1198 | D:2      | Noticed Jessica
  1204 | D:2      | Killed Jessica
  1322 | D:2      | Found a burning altar of Makhleb.
  1322 | D:2      | Found a stormy altar of Qazlal.
  1456 | D:3      | Reached XP level 5. HP: 22/47 MP: 4/4
  1788 | D:3      | Reached skill level 5 in Polearms
  1818 | D:3      | Noticed nht's ghost (amateur HOGl)
  1825 | D:3      | Killed nht's ghost
  1825 | D:3      | Reached skill level 5 in Fighting
  1825 | D:3      | Reached XP level 6. HP: 56/56 MP: 5/5
  1864 | D:3      | Reached *** piety under Trog
  2040 | D:3      | Found a stormy altar of Qazlal.
  2461 | D:4      | Reached skill level 5 in Armour
  2461 | D:4      | Reached XP level 7. HP: 37/61 MP: 6/6
  2606 | D:4      | Reached skill level 6 in Polearms
  2651 | D:4      | Noticed nht's ghost (amateur HOGl)
  2672 | D:4      | Killed nht's ghost
  2672 | D:4      | Reached skill level 5 in Dodging
  3320 | D:5      | Entered Level 5 of the Dungeon
  3440 | D:5      | Reached XP level 8. HP: 65/70 MP: 7/7
  3573 | D:5      | Reached **** piety under Trog
  3728 | D:5      | Reached skill level 7 in Polearms
  3873 | D:5      | Noticed Edmund
  3891 | D:5      | Killed Edmund
  4346 | D:5      | Found a deep blue altar of Sif Muna.
  4623 | D:6      | Reached skill level 8 in Polearms
  4661 | D:6      | Reached XP level 9. HP: 80/80 MP: 8/8
  4967 | D:6      | Found an ancient bone altar of Kikubaaqudgha.
  5500 | D:7      | Found an opulent altar of Gozag.
  5598 | D:7      | Found a staircase to the Ecumenical Temple.
  6384 | D:8      | Found a hazy altar of Hepliaklqana.
  6428 | D:8      | Reached ***** piety under Trog
  6435 | D:8      | Reached skill level 1 in Bows
  6438 | D:8      | Reached skill level 9 in Polearms
  6690 | D:8      | Found Huiq's Armour Shop.
  7124 | D:8      | Found a sacrificial altar of Ru.
  7204 | D:8      | Found a shimmering altar of Xom.
  7426 | D:9      | Reached XP level 10. HP: 57/91 MP: 9/9
  7922 | D:9      | Reached skill level 10 in Polearms
  8329 | D:9      | Found a radiant altar of Vehumet.
  8422 | D:10     | Entered Level 10 of the Dungeon
  8494 | D:10     | Reached skill level 5 in Bows
  8767 | D:10     | Paralysed by a hornet for 2 turns
  8772 | D:10     | HP: 6/136 [poisoned by a hornet]
  8777 | D:10     | HP: 3/136 [poisoned by a hornet]
  8778 | D:10     | HP: 1/136 [poisoned by a hornet]
  8779 | D:10     | Succumbed to a hornet's poison

Vault maps used:
D:1:      dpeg_arrival_refuge
D:2:      lemuel_zombie_altar_yredelemnul, gammafunk_temple_overflow_wave,
          uniq_robin, uniq_jessica
D:3:      grunt_qazlal_clouds
D:4:      first_bread, minmay_bent
D:5:      kennysheep_mini, serial_park_tiny_pond, uniq_edmund
D:6:      kiku_gazebo_garden_becter
D:7:      lemuel_doored_altar, minmay_temple_entry_crystal_x
D:8:      old_standard_altar, kennysheep_little_box, lemuel_crystal_altar,
          serial_glass, glass_columns_a, glass_columns_b, glass_columns_a,
          glass_columns_b, serial_shops, shop, kennysheep_generic_room_12
D:9:      kennysheep_mini_moat, the_bakery, minivault_23
D:10:     erik_lair_dragon, orc_0_dummy, grunt_ministairs_14, uniq_psyche

Skill      XL: |  1  2  3  4  5  6  7  8  9 10 |
---------------+-------------------------------+-----
Armour         | 3 4 5 7 8 9 |  9.1
Polearms       | 4 5 6 8 9 10 | 10.6
Fighting       | 4 5 6 7 9 |  9.4
Dodging        | 3 4 5 7 8 |  8.6
Bows           | 3 5 |  5.6

Action                   |  1- 3 |  4- 6 |  7- 9 | 10-12 || total
-------------------------+-------+-------+-------+-------++-------
Melee: Spear             |   103 |   165 |   431 |       ||   699
       Headbutt          |    14 |    24 |   125 |    28 ||   191
       Trident           |       |       |   121 |   147 ||   268
 Fire: Shortbow          |       |       |     5 |    21 ||    26
Invok: Berserk           |       |     2 |     5 |     2 ||     9
       Burn Spellbooks   |       |     1 |     2 |       ||     3
 Stab: Sleeping          |     1 |       |       |       ||     1
       Distracted        |     1 |       |       |       ||     1
  Eat: Chunk             |       |     7 |    21 |     5 ||    33
Armor: Animal skin       |     1 |       |       |       ||     1
       Chain mail        |    40 |    74 |   131 |    51 ||   296
Dodge: Dodged            |    30 |    72 |   165 |    70 ||   337
